 Dungeon Crawl Stone Soup version 0.27.1-33-g824d729ab1 (webtiles) character file.

Game seed: 5687757174430366341

8311 arek5066 the Severer (level 11, -9/94 HPs)
             Began as a Hill Orc Berserker on Dec 7, 2021.
             Was an Elder of Trog.
             Mangled by a sun demon (14 damage)
             ... on level 3 of the Abyss.
             The game lasted 00:29:42 (10136 turns).

arek5066 the Severer (Hill Orc Berserker)          Turns: 10136, Time: 00:29:48

Health: -9/94      AC: 13    Str: 24    XL:     11   Next: 28%
Magic:  11/11      EV: 24    Int:  7    God:    Trog [****..]
Gold:   319        SH:  4    Dex: 10    Spells: 10/10 levels left

rFire    . . .     SeeInvis .   h - +3 war axe
rCold    . . .     Faith    .   t - +0 buckler of Koitean {rPois Regen+}
rNeg     . . .     Spirit   .   g - +0 chain mail
rPois    +         Reflect  .   (no helmet)
rElec    .         Harm     .   n - scarf {repulsion}
rCorr    .         Rampage  .   (no gloves)
Will     .....                  s - +0 pair of boots
Stlth    ..........             v - amulet of the acrobat
HPRegen  1.25/turn              (no ring)
MPRegen  0.12/turn              (no ring)

@: on berserk cooldown, acrobatic, slowed, repel missiles, very slow
A: no striking features
a: Renounce Religion, Berserk, Trog's Hand, Brothers in Arms


You were on level 3 of the Abyss.
You worshipped Trog.
Trog was greatly pleased with you.
You visited 1 branch of the dungeon, and saw 9 of its levels.
You visited the Abyss 1 time.
You also visited: Ossuary.

You collected 319 gold pieces.

Inventory:

Hand Weapons
 h - a +3 war axe (weapon)
Missiles
 f - 5 silver boomerangs (quivered)
Armour
 g - a +0 chain mail (worn)
 n - a scarf of repulsion (worn)
 s - a +0 pair of boots (worn)
 t - the +0 buckler of Koitean (worn) {rPois Regen+}
   (You found it on level 5 of the Dungeon)

   rPois:     It protects you from poison.
   Regen:     It increases your rate of health regeneration.
 y - a +0 buckler of resistance
Jewellery
 a - a ring of willpower
 j - an amulet of faith
 v - an amulet of the acrobat (around neck)
 E - an amulet of magic regeneration
Wands
 w - a wand of mindburst (23)
 A - a wand of polymorph (20)
Scrolls
 b - 3 scrolls of silence {unknown}
 i - a scroll of vulnerability {unknown}
 m - a scroll of immolation {unknown}
 z - a scroll of amnesia {unknown}
 C - a scroll of acquirement {unknown}
 D - a scroll of fog {unknown}
 F - a scroll of identify
Potions
 c - 3 potions of flight
 d - 2 potions of heal wounds {unknown}
 e - 2 potions of curing
 k - 2 potions of magic {unknown}
 l - a potion of invisibility {unknown}
 p - 2 potions of might
 q - a potion of ambrosia {unknown}
 r - a potion of attraction {unknown}
 u - a potion of degeneration {unknown}
 x - a potion of resistance {unknown}
 B - a potion of lignification {unknown}


   Skills:
 + Level 8.2 Fighting
 * Level 15.5 Axes
 * Level 10.7 Armour
 - Level 1.6 Dodging
 - Level 4.0 Shields


You had 10 spell levels left.
You didn't know any spells.
Your spell library was empty.

Dungeon Overview and Level Annotations

Branches:
Dungeon (9/15)             Temple (0/1) D:7            Lair (0/6) D:9
Ossuary (visited)
    Orc: D:9-12

Altars:
Makhleb
Ru
Trog
Uskayaw
Yredelemnul
The Shining One

Shops:
D:8 :

Portals:
Bailey: D:7

Annotations:
D:9 Erolcha


Message History

The sun demon misses you. The sun demon completely misses you.
The small abomination completely misses you.
A tentacled starspawn comes into view.
The small abomination barely misses you.
The sun demon closely misses you.
Tentacles burst from the starspawn's body! 2 starspawn tentacles come into view.
You slash the starspawn tentacle!
The starspawn tentacle is moderately damaged.
You closely miss the small abomination. You hit the sun demon.
The small abomination barely misses you.
The sun demon closely misses you. The small abomination misses you.
You block the starspawn tentacle's attack.
The sun demon hits you but does no damage.
The small abomination barely misses you.
The small abomination misses you. The sun demon completely misses you.
Found a book of Conjurations.
The small abomination completely misses you.
The sun demon hits you.
You are engulfed in flames!!
* * * LOW HITPOINT WARNING * * *
The small abomination completely misses you.
The small abomination completely misses you.
Found a potion of might.
You block the small abomination's attack.
Tentacles burst from the starspawn's body!
The small abomination completely misses you.
The sun demon misses you.
A starspawn tentacle comes into view.
You block the sun demon's attack.
A sixfirhy comes into view.
The sixfirhy hits you.
* * * LOW HITPOINT WARNING * * *
The sixfirhy shocks you!
* * * LOW HITPOINT WARNING * * *
The sun demon hits you!
* * * LOW HITPOINT WARNING * * *
You are engulfed in flames!
You die...

..# #....† †. .. ...
# . ... .###..#.#...
#.. .(#.#..##...... .
##..##.#...##...#. ..
####.......#..#!#..#.
#.......#......#..§≈.
#.#.#
.(..........##... #
#.....#.#...3.......
#..#.....#....@#
#.####...###..3## #
##.## ##X## .#
##...###.xw##
#..##.....#...│.#:. .
...........V......
#.###.....#.....#....
#...###.=.###...
##!## ##.## #.#


You could see a tentacled starspawn, a sun demon, a sixfirhy and a small
abomination.

Vanquished Creatures
  2 two-headed ogres
  Pikel (D:8)
  5 wyverns
  7 yaks
  Grum (D:8)
  A small abomination (Abyss:1)
  A water moccasin (D:9)
  An acid dragon (D:8)
  4 hell hounds (Abyss:3)
  2 ice beasts
  3 black bears (D:5)
  2 necrophages
  3 orc warriors
  A sky beast (D:5)
  2 ogres
  5 centaurs
  3 wolves (D:8)
  2 phantoms (D:6)
  3 lemures (D:8)
  2 kobold brigands
  3 bullfrogs
  4 scorpions
  A water moccasin skeleton (D:6)
  5 wights (D:7)
  2 howler monkeys
  2 jellies
  A hound (D:4)
  4 orc priests
  Jessica (D:3)
  A centaur skeleton (D:7)
  Terence (D:1)
  An iguana (D:5)
  5 orc wizards
  4 gnolls (D:5)
  12 adders
  4 white imps (D:6)
  An ufetubus (D:6)
  4 worms
  2 dart slugs
  19 orcs
  9 endoplasms
  2 giant cockroaches (D:1)
  3 goblins
  8 hobgoblins
  7 jackals
  5 quokkas
  3 ball pythons
  9 bats
  4 frilled lizards
  2 goblin zombies (D:4)
  4 kobolds
  A kobold skeleton (Ossuary)
  An orc skeleton (Ossuary)
  3 rats
  A lurking horror (Abyss:2)
190 creatures vanquished.

Vanquished Creatures (collateral kills)
  Maggie (D:9)
  A yak (D:9)
  2 water moccasins (D:9)
4 creatures vanquished.

Vanquished Creatures (others)
  A bush (D:9)
  A fungus (D:9)
  23 plants
  11 starspawn tentacles
36 creatures vanquished.

Grand Total: 230 creatures vanquished

Notes
Turn   | Place    | Note
-------+----------+-------------------------------------------
     0 | D:1      | arek5066 the Hill Orc Berserker began the quest for the
                  | Orb.
     0 | D:1      | Reached XP level 1. HP: 19/19 MP: 1/1
   319 | D:1      | Reached XP level 2. HP: 25/27 MP: 2/2
  1056 | D:1      | Found a faded altar of an unknown god.
  1213 | D:1      | Reached XP level 3. HP: 33/33 MP: 3/3
  1655 | D:2      | Noticed Terence
  1954 | D:1      | Killed Terence
  1955 | D:1      | Reached skill level 5 in Axes
  2260 | D:2      | Reached XP level 4. HP: 31/41 MP: 4/4
  2285 | D:2      | Reached ** piety under Trog
  2413 | D:2      | Found a hide-covered altar of Uskayaw.
  3006 | D:3      | Reached skill level 6 in Axes
  3006 | D:3      | Reached XP level 5. HP: 42/47 MP: 5/5
  3643 | D:3      | Noticed Jessica
  3648 | D:3      | Killed Jessica
  3793 | D:3      | Noticed a necrophage
  3821 | D:3      | Killed a necrophage
  3822 | D:3      | Reached skill level 7 in Axes
  3822 | D:3      | Reached XP level 6. HP: 53/53 MP: 6/6
  3891 | D:3      | You fall into a shaft and drop 1 floor!
  3922 | D:5      | Entered Level 5 of the Dungeon
  4023 | D:4      | Found a sand-covered staircase.
  4055 | Ossuary  | Entered an ossuary
  4447 | D:4      | Noticed an ice beast
  4469 | D:4      | Killed an ice beast
  4962 | D:4      | Reached skill level 8 in Axes
  4962 | D:4      | Reached XP level 7. HP: 44/60 MP: 7/7
  5531 | D:5      | Reached skill level 5 in Fighting
  5531 | D:5      | Reached skill level 5 in Armour
  5902 | D:5      | Reached *** piety under Trog
  5912 | D:5      | Reached skill level 9 in Axes
  6190 | D:5      | Reached XP level 8. HP: 22/68 MP: 8/8
  6801 | D:5      | Identified the +0 buckler of Koitean {rPois Regen+}
  7112 | D:5      | Reached skill level 10 in Axes
  7112 | D:5      | Reached skill level 1 in Shields
  7158 | D:5      | Found a glowing golden altar of the Shining One.
  7381 | D:6      | Noticed a two-headed ogre
  7389 | D:6      | Killed a two-headed ogre
  7390 | D:6      | Reached skill level 11 in Axes
  7390 | D:6      | Reached XP level 9. HP: 75/75 MP: 9/9
  7569 | D:6      | Found a burning altar of Makhleb.
  7698 | D:6      | Found a basalt altar of Yredelemnul.
  7702 | D:6      | Found a hide-covered altar of Uskayaw.
  7705 | D:6      | Found a bloodstained altar of Trog.
  7893 | D:6      | Found a sacrificial altar of Ru.
  8072 | D:7      | Reached skill level 12 in Axes
  8419 | D:7      | Found a flagged portal.
  8432 | D:7      | Reached XP level 10. HP: 84/84 MP: 10/10
  8535 | D:7      | Found a staircase to the Ecumenical Temple.
  8646 | D:8      | Reached skill level 13 in Axes
  8670 | D:8      | Reached **** piety under Trog
  8693 | D:8      | Noticed Pikel
  8706 | D:8      | Killed Pikel
  8753 | D:8      | Found Leshris's Book Shoppe.
  8761 | D:8      | Noticed a two-headed ogre
  8769 | D:8      | Killed a two-headed ogre
  9005 | D:8      | Noticed Grum
  9017 | D:8      | Reached skill level 14 in Axes
  9024 | D:8      | Killed Grum
  9445 | D:8      | Reached skill level 10 in Armour
  9646 | D:9      | Reached XP level 11. HP: 94/94 MP: 11/11
  9705 | D:9      | Reached skill level 15 in Axes
  9709 | D:9      | Found a staircase to the Lair.
  9714 | D:9      | Noticed Maggie
  9743 | D:9      | Killed Maggie
  9804 | D:9      | Noticed Erolcha
  9828 | D:9      | Cast into level 1 of the Abyss (Erolcha)
  9914 | Abyss:1  | Noticed a will-o-the-wisp
  9974 | Abyss:2  | Noticed a starcursed mass
 10021 | Abyss:2  | Noticed a starcursed mass
 10023 | Abyss:2  | Noticed a tentacled starspawn
 10056 | Abyss:2  | Noticed a reaper
 10061 | Abyss:2  | Noticed a large abomination
 10098 | Abyss:3  | Noticed a sun demon
 10125 | Abyss:3  | Noticed a tentacled starspawn
 10135 | Abyss:3  | Noticed a sixfirhy
 10136 | Abyss:3  | Mangled by a sun demon

Illustrated notes

Levels and vault maps discovered:
D:1:      erik_arrival_cave_to_civilisation [erik_arrival_cave_to_hall],
          layout_basic, shapermc_ecumenical_altar_mp_urbaneastern, st_stairs_10
D:2:      layout_basic, basic_altar, solitary_fountain, minmay_quadrilaterals,
          uniq_terence
D:3:      layout_loops_ring, uniq_jessica
D:4:      layout_basic, enter_ossuary_4
D:5:      minmay_octagon_keep, layout_loops_ring,
          mainiacjoe_overflow_tiny_flanked
D:6:      layout_rooms, mainiacjoe_overflow_six_doors_small,
          grunt_temple_overflow_open, mainiacjoe_overflow_chevrons,
          chequers_decorated_corner
D:7:      layout_rooms, nicolae_wu_jian_immortal_techniques,
          minmay_temple_entry_statues_pillars, enter_bailey_2,
          nicolae_wooded_promenade
D:8:      layout_basic, serial_shops, shop, uniq_grum, uniq_pikel
D:9:      layout_long_grid, mainiacjoe_overflow_alcove_2,
          minmay_lair_entry_grove, zombieorc2_lemuel, uniq_erolcha, uniq_maggie
Abyss:3:  base: D:6, minivault_23, minivault_20,
          grunt_abyss_rune_forest_and_sorcery, hangedman_abyss_feature_spike

Skill      XL: |  1  2  3  4  5  6  7  8  9 10 11 |
---------------+----------------------------------+-----
Fighting       | 4 5 6 7 8 |  8.2
Axes           | 5 6 7 8 9 11 12 14 15 | 15.5
Armour         | 3 4 6 8 9 10 | 10.7
Shields        | 2 3 4 |  4.0
Dodging        | |  1.6

Action                   |  1- 3 |  4- 6 |  7- 9 | 10-12 || total
-------------------------+-------+-------+-------+-------++-------
Melee: Hand axe          |    84 |   207 |   317 |     5 ||   613
       War axe           |       |       |       |   203 ||   203
Invok: Berserk           |       |     1 |     8 |     5 ||    14
       Trog's Hand       |       |       |     2 |     2 ||     4
       Brothers in Arms  |       |       |       |     1 ||     1
  Use: Scroll            |       |       |     4 |     1 ||     5
       Potion            |       |       |       |     4 ||     4
Armor: Animal skin       |    17 |       |       |       ||    17
       Chain mail        |    13 |   135 |   164 |    87 ||   399
Dodge: Dodged            |    59 |    87 |   113 |   145 ||   404
       Repelled          |       |       |     5 |     3 ||     8
Block: Buckler           |       |     6 |    46 |    50 ||   102
